 Dungeon Crawl Stone Soup version 0.20.1-1-g8b1a95d (webtiles) character file.

198 Vourdeox the Skirmisher (level 5, -1/48 HPs)
             Began as a Minotaur Berserker on Nov 28, 2017.
             Was a Believer of Trog.
             Slain by a gnoll
             ... wielding a +1 spear of distortion
              (5 damage)
             ... on level 4 of the Dungeon.
             The game lasted 00:11:13 (807 turns).

Vourdeox the Skirmisher (Minotaur Berserker)         Turns: 807, Time: 00:11:14

Health: -1/48      AC: 11    Str: 23    XL:     5   Next: 47%
Magic:  4/4        EV: 12    Int:  4    God:    Trog [**....]
Gold:   84         SH:  0    Dex:  9    Spells: 4/4 levels left

rFire    . . .     SeeInvis .   k - -3 mace (curse)
rCold    . . .     Gourm    .   (no shield)
rNeg     . . .     Faith    .   o - +0 ring mail (curse)
rPois    .         Spirit   .   (helmet restricted)
rElec    .         Reflect  .   (no cloak)
rCorr    .         Harm     .   m - +0 pair of gloves
MR       ++...                  (no boots)
Stlth    ..........             (no amulet)
Regen    1.2/turn               h - +5 ring of protection
MPRegen  0.1/turn               (no ring)

@: berserk cooldown, regenerating
A: retaliatory headbutt, horns 2
a: Berserk, Trog's Hand, Burn Spellbooks, Renounce Religion


You were on level 4 of the Dungeon.
You worshipped Trog.
Trog was pleased with you.
You were not hungry.

You visited 1 branch of the dungeon, and saw 4 of its levels.

You collected 84 gold pieces.

Inventory:

Hand Weapons
 a - a +0 falchion
 i - a +0 mace
 j - a +0 club
 k - a cursed -3 mace (weapon)
 p - a +0 mace
 q - a +0 hand axe
 s - a +0 spear
Armour
 b - a +0 animal skin
 e - a +0 leather armour
 l - a +0 robe
 m - a +0 pair of gloves (worn)
 o - a cursed +0 ring mail (worn)
 t - a +0 scale mail
Jewellery
 h - a +5 ring of protection (left hand)
Scrolls
 d - 2 scrolls of identify
 g - a scroll of teleportation
Potions
 n - a potion of haste {unknown}
Comestibles
 c - 3 bread rations
 f - 3 chunks of flesh
 r - a meat ration


   Skills:
 + Level 5.1 Fighting
 + Level 4.6 Long Blades
 + Level 2.6 Maces & Flails
 + Level 3.0 Armour
 + Level 3.3 Dodging
 + Level 0.1 Stealth


You had 4 spell levels left.
You didn't know any spells.

Dungeon Overview and Level Annotations

Branches:
Dungeon (4/15)
 Temple: D:4-7

Altars:
Ashenzari
Dithmenos


Innate Abilities, Weirdness & Mutations

You reflexively headbutt those who attack you in melee.
You have a pair of horns on your head.


Message History

A gnoll comes into view. It is wielding a spear of distortion.
The gnoll throws a throwing net.
The throwing net closely misses you.
Your skin crawls.
You feel resistant to hostile enchantments.
You feel somewhat more hungry.
A gnoll comes into view. It is wielding a spear.
The gnoll shouts!
The gnoll hits you with a spear of distortion.
Space warps horribly around you!
* * * LOW HITPOINT WARNING * * *
A gnoll comes into view. It is wielding a halberd.
You closely miss the gnoll. Your headbutt misses the gnoll.
You feel yourself speed up. The gnoll hits you but does no damage.
The gnoll misses you.
You hit the gnoll but do no damage. The gnoll hits you but does no damage.
You blink.
The gnoll hits you but does no damage. The gnoll closely misses you.
The gnoll hits you from afar with a spear of distortion.
* * * LOW HITPOINT WARNING * * *
Space bends around you.
You die...

#### #..### #....
#... #..# #gg##
#@.g### ######
#...ยง.######....##
##....(..........#
##...............
#...(..###...##.
#?..#### ##..##
#..### ##..## #.#
##..# #.# ##..


You could see 3 gnolls.

Vanquished Creatures
  The ghost of Brandom the Skirmisher, an amateur FoAK of Lugonu (D:4)
  A centaur skeleton (D:4)
  A worm (D:2)
  An orc (D:3)
  2 giant cockroaches (D:1)
  3 goblins
  4 hobgoblins
  6 jackals
  A bat (D:1)
  4 frilled lizards
  4 kobolds
  5 rats
33 creatures vanquished.

Notes
Turn   | Place    | Note
-------+----------+-------------------------------------------
     0 | D:1      | Vourdeox the Minotaur Berserker began the quest for the Orb.
     0 | D:1      | Reached XP level 1. HP: 19/19 MP: 0/0
   199 | D:1      | Reached XP level 2. HP: 27/27 MP: 1/1
   232 | D:1      | Reached skill level 4 in Fighting
   422 | D:2      | Reached ** piety under Trog
   516 | D:3      | Found a shadowy altar of Dithmenos.
   594 | D:3      | Found a shattered altar of Ashenzari.
   645 | D:3      | Reached XP level 3. HP: 33/33 MP: 2/2
   761 | D:4      | Noticed Brandom's ghost (amateur FoAK)
   772 | D:4      | Reached skill level 1 in Maces & Flails
   782 | D:4      | Killed Brandom's ghost
   782 | D:4      | Reached skill level 5 in Fighting
   782 | D:4      | Reached XP level 4. HP: 14/42 MP: 3/3
   782 | D:4      | Reached XP level 5. HP: 16/48 MP: 4/4
   807 | D:4      | Slain by a gnoll

Skill      XL: |  1  2  3 |
---------------+----------+-----
Fighting       | 4 5 |  5.1
Long Blades    | 4 |  4.6
Maces & Flails | 2 |  2.6
Armour         | 3 |  3.0
Dodging        | 3 |  3.3
Stealth        | |  0.1

Action                   |  1- 3 |  4- 6 || total
-------------------------+-------+-------++-------
Melee: Falchion          |    17 |       ||    17
       Headbutt          |    16 |       ||    16
       Mace              |    63 |     2 ||    65
Invok: Berserk           |     1 |       ||     1
       Trog's Hand       |       |     1 ||     1
  Use: Scroll            |     1 |       ||     1
  Eat: Chunk             |       |     1 ||     1
Armor: Leather armour    |    10 |       ||    10
       Ring mail         |    23 |     3 ||    26
Dodge: Dodged            |    47 |     3 ||    50
       Rpst.: Falchion   |     3 |       ||     3
